 Dungeon Crawl Stone Soup version 0.30-a0-476-g330ca2eb8e (webtiles) character file.

Game seed: 2481354836328702078

22350 bmack86 the Severer (level 12, -3/111 HPs)
             Began as a Minotaur Fighter on Dec 21, 2022.
             Was an Elder of Okawaru.
             Slain by an eight-headed hydra (9 damage)
             ... on level 3 of the Lair of Beasts.
             The game lasted 00:56:57 (12070 turns).

bmack86 the Severer (Minotaur Fighter)             Turns: 12070, Time: 00:56:58

Health: -3/111     AC: 28    Str: 26    XL:     12   Next: 62%
Magic:  14/14      EV:  7    Int:  5    God:    Okawaru [****..]
Gold:   705        SH:  6    Dex: 10    Spells: 11/11 levels left

rFire   . . .      SeeInvis .    x - +7 war axe of Crusades {pain, rPois}
rCold   . . .      Faith    .    c - +0 buckler
rNeg    . . .      Spirit   .    R - +0 plate armour {rPois}
rPois   +          Reflect  .    Q - +2 hat
rElec   .          Harm     .    H - +1 cloak
rCorr   .          Rampage  .    m - +0 pair of gloves
Will    .....                    B - +2 pair of boots
Stlth   ..........               i - amulet of the acrobat
HPRegen 0.38/turn                j - ring of flight
MPRegen 0.14/turn                y - +4 ring of protection

@: flying
A: horns 2, retaliatory headbutt
a: Renounce Religion, Heroism, Finesse


You were on level 3 of the Lair of Beasts.
You worshipped Okawaru.
Okawaru was greatly pleased with you.
You visited 3 branches of the dungeon, and saw 14 of its levels.

You collected 828 gold pieces.
You spent 123 gold pieces at shops.

Inventory:

Hand Weapons
 x - the +7 war axe of Crusades (weapon) {pain, rPois}
   (You found it on level 8 of the Dungeon)

   In the hands of one skilled in necromantic magic, it inflicts extra damage on
   living creatures.
   rPois:     It protects you from poison.
 O - a +0 broad axe
Missiles
 o - a silver boomerang (quivered)
 s - 3 throwing nets
 E - 7 poisoned darts
 M - 3 curare-tipped darts
Armour
 c - a +0 buckler (worn)
 m - a +0 pair of gloves (worn)
 q - the +0 cloak "Seopoicu" {rElec Str+2 Int+2 Dex+4}
   (You found it on level 2 of the Lair of Beasts)

   Str:       It affects your strength (+2).
   Int:       It affects your intelligence (+2).
   Dex:       It affects your dexterity (+4).
   rElec:     It insulates you from electricity.
 u - a +0 tower shield
 w - a +0 cloak of stealth
 B - a +2 pair of boots (worn)
 H - a +1 cloak (worn)
 Q - a +2 hat (worn)
 R - a +0 plate armour of poison resistance (worn)
Jewellery
 i - an amulet of the acrobat (around neck)
 j - a ring of flight (left hand)
 y - a +4 ring of protection (right hand)
 D - a ring of fire
 G - a ring of positive energy
 K - a ring of see invisible
Wands
 F - a wand of flame (15)
Scrolls
 b - 2 scrolls of blinking
 f - a scroll of immolation
 h - 3 scrolls of teleportation
 l - 2 scrolls of noise
 I - a scroll of fog
 N - 2 scrolls of fear
 P - a scroll of amnesia
Potions
 d - 2 potions of might
 e - a potion of invisibility
 g - a potion of berserk rage
 k - 2 potions of resistance
 n - 2 potions of mutation
 p - 6 potions of lignification
 r - 5 potions of curing
 t - 3 potions of haste
 v - 3 potions of attraction
 z - a potion of cancellation
 A - 2 potions of degeneration
 C - a potion of brilliance
 L - a potion of ambrosia


   Skills:
 + Level 11.6 Fighting
 * Level 15.7 Axes
 + Level 11.7 Armour
 - Level 0.5 Dodging
 + Level 11.7 Shields
 - Level 5.0 Invocations


You had 11 spell levels left.
You didn't know any spells.
Your spell library contained the following spells:

 Spells                   Type           Power      Damage    Failure   Level
 Apportation              Tloc           0%         N/A       99%         1
 Foxfire                  Conj/Fire      0%         2x1d4     99%         1
 Kiss of Death            Conj/Necr      0%         2d5       99%         1
 Sandblast                Erth           0%         2d4       99%         1
 Slow                     Hex            0%         N/A       99%         1
 Passwall                 Tmut/Erth      0%         N/A       100%        2
 Static Discharge         Conj/Air       0%         2-2/arc   100%        2
 Confusing Touch          Hex            0%         N/A       100%        3
 Inner Flame              Hex/Fire       0%         N/A       100%        3
 Stone Arrow              Conj/Erth      0%         3d7       100%        3
 Vampiric Draining        Necr           0%         2d6       100%        3
 Vhi's Electric Charge    Tloc/Air       0%         N/A       100%        3
 Cause Fear               Hex            0%         N/A       100%        4
 Dispel Undead            Necr           0%         3d6       100%        4
 Alistair's Intoxication  Tmut/Pois      0%         N/A       100%        5
 Arcjolt                  Conj/Air       0%         1d10      100%        5
 Fireball                 Conj/Fire      0%         3d3       100%        5
 Lightning Bolt           Conj/Air       0%         1d11      100%        5
 Starburst                Conj/Fire      0%         6d3       100%        6
 Discord                  Hex            0%         N/A       100%        8
 Lehudib's Crystal Spear  Conj/Erth      0%         10d2      100%        8
 Animate Armour           Summ/Erth      Unusable   N/A       N/A         4

Dungeon Overview and Level Annotations

Branches:
Dungeon (10/15)            Temple (1/1) D:5            Lair (3/5) D:9
  Snake (0/4) Lair:2
  Swamp: Lair:2-3    Shoals: Lair:2-3       Orc: D:9-12

Altars:
Ashenzari
Cheibriados
Dithmenos
Elyvilon
Fedhas
Gozag
Hepliaklqana
Kikubaaqudgha
Makhleb
Nemelex Xobeh
Okawaru
Qazlal
Ru
Sif Muna
Trog
Uskayaw
Vehumet
Wu Jian
Yredelemnul
Zin
The Shining One

Shops:
D:6 *   D:7 (


Innate Abilities, Weirdness & Mutations

You have a pair of horns on your head.
You reflexively headbutt those who attack you in melee.


Message History

The seven-headed hydra bites you.
* * * LOW HITPOINT WARNING * * *
The seven-headed hydra barely misses you.
The seven-headed hydra bites you but does no damage. x2
The seven-headed hydra bites you.
* * * LOW HITPOINT WARNING * * *
The seven-headed hydra bites you but does no damage.
The elephant completely misses you.
The elephant trunk-slaps you but does no damage.
The seven-headed hydra attacks as you move away!
The seven-headed hydra bites you but does no damage.
The seven-headed hydra misses you. x2
The seven-headed hydra closely misses you.
The seven-headed hydra bites you!
* * * LOW HITPOINT WARNING * * *
The seven-headed hydra closely misses you.
The seven-headed hydra bites you but does no damage.
The elephant attacks as you move away!
The elephant tramples you but does no damage.
You block the elephant's attack.
You barely miss the elephant.
The elephant is severely wounded.
You slice one of the seven-headed hydra's heads off!
The six-headed hydra grows two more!
You slash the eight-headed hydra!
An elephant comes into view.
The elephant tramples you but does no damage.
The elephant barely misses you.
The eight-headed hydra bites you but does no damage.
The eight-headed hydra bites you.
* * * LOW HITPOINT WARNING * * *
The eight-headed hydra bites you!
* * * LOW HITPOINT WARNING * * *
The eight-headed hydra barely misses you.
The eight-headed hydra bites you but does no damage.
The eight-headed hydra closely misses you.
You block the eight-headed hydra's attack.
The eight-headed hydra bites you but does no damage.
The eight-headed hydra attacks as you move away!
The eight-headed hydra bites you!
You die...

.......... ...
##.......... ....
.#..........##Y...
.........P........
......#...#.......
.#...#........#...
.........†........
.###....D...#
..?....@Y†<.#
...........##
...........#
......$...##
...#....PP#
##......###
##...... #......


You could see an eight-headed hydra and 2 elephants.

Vanquished Creatures
  Gastronok (Lair:1)
  A rakshasa (D:9)
  2 two-headed ogres (D:10)
  A boulder beetle (D:9)
  Urug (Lair:1)
  A skeletal warrior (D:9)
  Pikel (D:8)
  An ugly thing (D:9)
  A cyclops (D:9)
  2 manticores
  9 elephants (Lair:2)
  3 cane toads
  Joseph (D:10)
  A gargoyle (D:9)
  6 komodo dragons
  An unseen horror (D:10)
  3 blink frogs (Lair:2)
  Sigmund (D:3)
  The ghost of Taurus the Covered, an amateur MiFi (D:4)
  5 wyverns
  21 yaks
  A steam dragon (D:8)
  An acid dragon (D:10)
  2 nagas (Lair:2)
  6 water moccasins
  An ice beast (D:5)
  2 orc warriors (D:6)
  7 black bears
  2 sky beasts (D:8)
  2 lemures (D:8)
  A centaur (D:7)
  A phantom (D:7)
  3 kobold brigands
  9 bullfrogs
  A gnoll sergeant (D:5)
  3 scorpions
  13 wights
  3 killer bees (D:9)
  4 hounds
  3 orc priests
  A gnoll bouda (D:8)
  2 iguanas
  5 orc wizards
  21 gnolls
  9 adders
  A shadow imp (D:6)
  A white imp (D:5)
  An ufetubus (D:5)
  2 worms
  7 dart slugs
  29 orcs
  7 bats
  18 endoplasms
  4 giant cockroaches
  13 hobgoblins
  3 jackals (D:1)
  2 quokkas
  8 ball pythons
  5 frilled lizards
  11 goblins
  25 kobolds
  6 rats
  A fungus (Lair:2)
311 creatures vanquished.

Vanquished Creatures (others)
  26 fungi
  25 plants
  4 toadstools (D:6)
55 creatures vanquished.

Grand Total: 366 creatures vanquished

Notes
Turn   | Place    | Note
-------+----------+-------------------------------------------
     0 | D:1      | bmack86 the Minotaur Fighter began the quest for the Orb.
     0 | D:1      | Reached XP level 1. HP: 19/19 MP: 0/0
   209 | D:1      | Reached XP level 2. HP: 27/27 MP: 1/1
   389 | D:1      | Reached skill level 3 in Axes
   559 | D:1      | Reached XP level 3. HP: 31/33 MP: 2/2
  1110 | D:2      | Reached skill level 4 in Axes
  1110 | D:2      | Reached XP level 4. HP: 40/40 MP: 3/3
  1533 | D:2      | Identified the +1 leather armour of the Nightingale {Str+4}
  2084 | D:3      | Reached XP level 5. HP: 46/46 MP: 4/4
  2337 | D:3      | Noticed Sigmund
  2347 | D:3      | Killed Sigmund
  2348 | D:3      | Reached skill level 5 in Axes
  2348 | D:3      | Reached skill level 5 in Armour
  2348 | D:3      | Reached XP level 6. HP: 30/53 MP: 5/5
  2714 | D:3      | Found a glowing silver altar of Zin.
  3053 | D:4      | Reached skill level 5 in Shields
  3106 | D:4      | Found an opulent altar of Gozag.
  3230 | D:4      | Found a runed translucent door.
  3231 | D:4      | Noticed Taurus's ghost (amateur MiFi)
  3318 | D:4      | Reached skill level 5 in Fighting
  3318 | D:4      | Reached skill level 6 in Axes
  3318 | D:4      | Reached XP level 7. HP: 52/61 MP: 6/6
  3929 | D:4      | Killed Taurus's ghost
  3930 | D:4      | Reached skill level 7 in Axes
  4154 | D:5      | Entered Level 5 of the Dungeon
  4597 | D:5      | Reached XP level 8. HP: 45/70 MP: 7/7
  4622 | D:5      | Found a staircase to the Ecumenical Temple.
  4647 | Temple   | Entered the Ecumenical Temple
  4664 | Temple   | Became a worshipper of Warmaster Okawaru
  4789 | D:5      | Reached skill level 8 in Axes
  4844 | D:5      | You are sucked into a shaft and drop 3 floors!
  5019 | D:8      | Found a basalt altar of Yredelemnul.
  5077 | D:7      | Found Detib's Weapon Boutique.
  5417 | D:5      | Identified the +0 leather armour of Day {rC+++ Str+7 Int-4}
  5432 | D:5      | Found a blossoming altar of Fedhas.
  5779 | D:5      | Reached skill level 9 in Axes
  6142 | D:6      | Reached * piety under Okawaru
  6245 | D:6      | Identified the +9 spear of Guilt {freeze, Fly Str+4}
  6252 | D:6      | Found a shadowy altar of Dithmenos.
  6301 | D:6      | Found Xouneth's General Store.
  6334 | D:6      | Bought a scroll of enchant armour for 97 gold pieces
  6334 | D:6      | Bought a scroll of identify for 26 gold pieces
  6547 | D:6      | Reached XP level 9. HP: 66/79 MP: 5/8
  6765 | D:7      | Reached skill level 1 in Invocations
  7073 | D:7      | Reached skill level 10 in Axes
  7262 | D:7      | Found a sacrificial altar of Ru.
  7523 | D:8      | Identified the +7 war axe of Crusades {pain, rPois}
  7580 | D:8      | Reached ** piety under Okawaru
  7593 | D:8      | Reached skill level 11 in Axes
  7593 | D:8      | Reached XP level 10. HP: 67/88 MP: 11/11
  7818 | D:8      | Noticed a manticore
  7824 | D:8      | Killed a manticore
  7824 | D:8      | Reached *** piety under Okawaru
  7833 | D:8      | Noticed Pikel
  7840 | D:8      | Killed Pikel
  8218 | D:9      | Noticed a cyclops
  8225 | D:9      | Killed a cyclops
  8260 | D:9      | Found a sparkling altar of Nemelex Xobeh.
  8276 | D:9      | Reached skill level 12 in Axes
  8430 | D:9      | Found a staircase to the Lair.
  8447 | D:9      | Reached **** piety under Okawaru
  8529 | D:9      | Found a hide-covered altar of Uskayaw.
  8598 | D:9      | Noticed a boulder beetle
  8607 | D:9      | Noticed a manticore
  8612 | D:9      | Killed a boulder beetle
  8620 | D:9      | Killed a manticore
  8621 | D:9      | Reached XP level 11. HP: 87/97 MP: 13/13
  8631 | D:9      | Found a bloodstained altar of Trog.
  8635 | D:9      | Noticed a rakshasa
  8649 | D:9      | Reached skill level 5 in Invocations
  8656 | D:9      | Killed a rakshasa
  9077 | D:10     | Entered Level 10 of the Dungeon
  9229 | D:10     | Noticed Joseph
  9240 | D:10     | Reached skill level 13 in Axes
  9244 | D:10     | Killed Joseph
  9244 | D:10     | Reached ***** piety under Okawaru
  9428 | D:10     | Reached skill level 10 in Armour
  9464 | D:10     | Noticed a two-headed ogre
  9474 | D:10     | Killed a two-headed ogre
  9474 | D:10     | Received a gift from Okawaru
  9475 | D:10     | Reached skill level 10 in Fighting
  9475 | D:10     | Reached skill level 10 in Shields
  9604 | D:10     | Noticed a two-headed ogre
  9612 | D:10     | Killed a two-headed ogre
  9612 | D:10     | Identified the +0 chain mail of Inevitability {rElec Dex+4}
                  | (Okawaru gifted it to you on level 10 of the Dungeon)
  9612 | D:10     | Received a gift from Okawaru
  9733 | D:9      | Noticed a red ugly thing
  9742 | D:9      | Killed a red ugly thing
  9753 | D:9      | Noticed a skeletal warrior
  9767 | D:9      | Killed a skeletal warrior
  9903 | D:8      | You are sucked into a shaft and drop 2 floors!
 10019 | Lair:1   | Entered Level 1 of the Lair of Beasts
 10089 | Lair:1   | Noticed Urug
 10100 | Lair:1   | Killed Urug
 10101 | Lair:1   | Reached skill level 14 in Axes
 10477 | Lair:1   | Noticed Gastronok
 10500 | Lair:1   | Killed Gastronok
 10501 | Lair:1   | Reached XP level 12. HP: 94/108 MP: 14/14
 11425 | Lair:2   | Reached skill level 15 in Axes
 11574 | Lair:2   | Found a staircase to the Snake Pit.
 11611 | Lair:2   | Identified the +0 cloak "Seopoicu" {rElec Str+2 Int+2
                  | Dex+4}
 12052 | Lair:3   | Noticed a five-headed hydra
 12070 | Lair:3   | Slain by an eight-headed hydra

Illustrated notes

Levels and vault maps discovered:
D:1:      sevenhm_arrival_forest_fort_small_4, layout_loops_ring, nicolae_titane
D:2:      minmay_thinvault, layout_basic
D:3:      layout_basic, marbit_many_paths, minmay_pentomino_pile, uniq_sigmund
D:4:      layout_basic, mainiacjoe_overflow_chevrons, gammafunk_ghost_grave,
          nicolae_underground_beach
D:5:      layout_basic, fedhas_altar_3, minmay_temple_entry_sparse_star,
          minmay_misc_feat_rows, dreamdust_mushroom_princess
D:6:      layout_cave_pools, nicolae_dithmenos_the_darkroom, serial_shops,
          nicolae_shop_trees, minmay_gold_behind_fungi, dk_vineyard_3
D:7:      layout_gridville, hangedman_ru_absence, serial_shops,
          nicolae_shop_bloodbath_and_beyond
D:8:      layout_loops_ring, mainiacjoe_overflow_cross_hatched, uniq_pikel
D:9:      minmay_diamond_stairs, layout_grid_maze, overflow_temple_1_default,
          trog_ov_bears_minmay, lemuel_tele_altar, david_lair_shrubbed
D:10:     layout_rooms, chequers_jeans, uniq_joseph
Temple:   cyrus_circular_temple
Lair:1:   layout_cave_pods, nicolae_lair_lil_pond, infiniplex_staircase_pool_2,
          grunt_megastairs_3, uniq_gastronok, uniq_urug
Lair:2:   layout_chaotic_city, guppyfry_snake_entry_garden
Lair:3:   layout_misc_corridors, shoals_dummy_entry, lemuel_fruit_tree

Skill      XL: |  1  2  3  4  5  6  7  8  9 10 11 12 |
---------------+-------------------------------------+-----
Shields        | 4 5 6 7 8 9 10 11 | 11.7
Axes           | 3 4 5 6 7 9 11 12 14 15 | 15.7
Armour         | 4 5 6 7 8 9 10 11 | 11.7
Fighting       | 4 5 6 7 8 9 10 11 | 11.6
Invocations    | 3 4 5 |  5.0
Dodging        | |  0.5

Action                   |  1- 3 |  4- 6 |  7- 9 | 10-12 || total
-------------------------+-------+-------+-------+-------++-------
Melee: War axe           |   101 |   111 |   274 |   318 ||   804
       Headbutt          |    11 |    14 |    55 |    80 ||   160
Throw: Boomerang         |       |     4 |     2 |     5 ||    11
Invok: Heroism           |       |       |    11 |    25 ||    36
       Finesse           |       |       |       |     7 ||     7
  Use: Scroll            |     4 |     3 |    10 |     6 ||    23
       Potion            |       |     2 |       |     1 ||     3
Armor: Scale mail        |    48 |    47 |     3 |       ||    98
       Chain mail        |       |       |    87 |       ||    87
       Plate armour      |       |       |    71 |   169 ||   240
Dodge: Dodged            |    62 |    75 |   153 |   167 ||   457
Block: Buckler           |    26 |    28 |    88 |   106 ||   248

Table legend: (Time is in decaauts)
 A = Elapsed time spent in this place.
 B = Non-inter-level travel time spent in this place.
 C = Inter-level travel time spent in this place.
 D = Time resting spent in this place.
 E = Time spent auto-exploring this place.
 F = Levels seen in this place.
 G = Mean time per level.
                   A        B        C        D        E       F      G
               +--------+--------+--------+--------+--------+-----+--------+
         Total |  12040 |  11585 |    455 |   1248 |   6598 |  14 |  860.0 |
       Dungeon |   9930 |   9535 |    395 |   1117 |   5312 |  10 |  993.0 |
        Temple |    119 |    119 |      0 |     85 |      0 |   1 |  119.0 |
          Lair |   1990 |   1930 |     60 |     46 |   1286 |   3 |  663.3 |
               +--------+--------+--------+--------+--------+-----+--------+

Top non-repeatable levels by time:
     D:5: 1439 daAuts
     D:4: 1300 daAuts
     D:3: 1176 daAuts
  Lair:1: 1137 daAuts
     D:8: 1010 daAuts
     D:9: 1007 daAuts
     D:2: 924 daAuts
     D:1: 829 daAuts
  Lair:2: 829 daAuts
     D:7: 793 daAuts
     D:6: 764 daAuts
    D:10: 684 daAuts
  Temple: 119 daAuts
  Lair:3: 23 daAuts
